 Dungeon Crawl Stone Soup version 0.30-a0-1161-g0704695555 (webtiles) character file.

Game seed: 17493042876183126375

156 cheesebisquit the Shooter (level 5, -1/46 HPs)
             Began as a Minotaur Hunter on Apr 27, 2023.
             Slain by an orc wizard
             ... wielding a +0 dagger
              (4 damage)
             ... on level 4 of the Dungeon.
             The game lasted 00:06:31 (2377 turns).

cheesebisquit the Shooter (Minotaur Hunter)         Turns: 2377, Time: 00:06:32

Health: -1/46      AC:  7    Str: 16    XL:     5   Next: 14%
Magic:  4/4        EV: 13    Int:  6    God:
Gold:   102        SH:  0    Dex: 21    Spells: 4/4 levels left

rFire   . . .        a - +0 shortbow
rCold   . . .        (shield currently unavailable)
rNeg    . . .        c - +0 leather armour
rPois   .            (helmet restricted)
rElec   .            (no cloak)
rCorr   .            (no gloves)
SInv    .            (no boots)
Will    .....        (no amulet)
Stlth   +            j - +6 ring of dexterity
HPRegen 0.27/turn    m - +4 ring of protection
MPRegen 0.09/turn

%: no passive effects
@: confused, on berserk cooldown, attractive, slowed, very slow
A: horns 2, retaliatory headbutt
a: no special abilities


You were on level 4 of the Dungeon.
You visited 1 branch of the dungeon, and saw 4 of its levels.

You collected 102 gold pieces.

Inventory:

Hand Weapons
 a - a +0 shortbow (weapon)
 l - a +0 dagger of holy wrath
Missiles
 e - 6 poisoned darts
Armour
 c - a +0 leather armour (worn)
Jewellery
 j - a +6 ring of dexterity (left hand)
 m - a +4 ring of protection (right hand)
Scrolls
 b - a scroll of immolation
 d - 2 scrolls of fog {unknown}
 g - a scroll of brand weapon {unknown}
 h - 2 scrolls of identify {unknown}
 k - a scroll of teleportation {unknown}
 n - a scroll of butterflies {unknown}
 o - 2 scrolls of enchant armour {unknown}
 q - a scroll of noise {unknown}
 r - a scroll of amnesia {unknown}
 u - a scroll of vulnerability {unknown}
 v - a scroll of fear {unknown}
Potions
 i - a potion of magic {unknown}
 p - 2 potions of berserk rage
 s - a potion of resistance {unknown}
 t - a potion of lignification {unknown}


   Skills:
 + Level 3.8 Fighting
 * Level 6.0 Ranged Weapons
 + Level 3.4 Dodging
 - Level 0.7 Stealth


You had 4 spell levels left.
You didn't know any spells.
Your spell library contained the following spells:

 Spells                   Type           Power      Damage    Failure   Level
 Stone Arrow              Conj/Erth      0%         3d7       88%         3
 Animate Armour           Summ/Erth      0%         N/A       99%         4
 Lehudib's Crystal Spear  Conj/Erth      0%         10d2      100%        8


Dungeon Overview and Level Annotations

Branches:
Dungeon (4/15)
 Temple: D:4-7

Altars:

Annotations:
D:2 1 runed translucent door, Crazy Yiuf


Innate Abilities, Weirdness & Mutations

You have a pair of horns on your head.
You reflexively headbutt those who attack you in melee.


Message History

Really attack while wielding your +0 shortbow? [Y]es or [N]o only, please.
Really attack while wielding your +0 shortbow? [Y]es or [N]o only, please.
Really attack while wielding your +0 shortbow?
Okay, then.
Unknown command.
Really attack while wielding your +0 shortbow? [Y]es or [N]o only, please.
Really attack while wielding your +0 shortbow? [Y]es or [N]o only, please.
Really attack while wielding your +0 shortbow?
You closely miss the orc wizard.
The orc wizard is almost dead.
The orc wizard hits you but does no damage.
You closely miss the orc wizard.
The orc wizard is almost dead.
Something barely misses you. The orc wizard closely misses you.
You clumsily bash the orc wizard.
You kill the orc wizard!
Something hits you.
* * * LOW HITPOINT WARNING * * *
Your Ranged Weapons skill increases to level 6!
You have reached level 5!
You start resting.
You hear some strange, mumbled words.
You are confused.
You start resting.
You feel a strong urge to attack something.
You start resting.
You are no longer berserk.
You are exhausted.
You feel yourself slow down. Something completely misses you.
You start resting.
Something hits you but does no damage. Something hits you.
* * * LOW HITPOINT WARNING * * *
You start resting.
Something barely misses you.
It was a potion of attraction.
You feel attractive to monsters. Something hits you but does no damage.
Something hits you.
You die...

#....##### #........#
#####....# #...#....#
#...'....# ##..#....#
###'#....#######+###
#................[..
#..........@).......
#...................
######...................
#......................(.
+........................
#........................
#.....###########'##.....
#.....#............ ...)
.....>†...........


There were no monsters in sight!

Vanquished Creatures
  An orc priest (D:4)
  An orc wizard (D:4)
  Robin (D:2)
  2 adders (D:3)
  A worm (D:4)
  An orc (D:3)
  5 endoplasms
  3 giant cockroaches
  10 hobgoblins
  4 jackals (D:3)
  2 quokkas (D:1)
  5 ball pythons
  3 bats
  2 frilled lizards (D:1)
  11 goblins
  7 kobolds
  5 rats
64 creatures vanquished.

Notes
Turn   | Place    | Note
-------+----------+-------------------------------------------
     0 | D:1      | cheesebisquit the Minotaur Hunter began the quest for the
                  | Orb.
     0 | D:1      | Reached XP level 1. HP: 18/18 MP: 0/0
   227 | D:1      | Reached XP level 2. HP: 25/25 MP: 1/1
   779 | D:2      | Reached skill level 5 in Ranged Weapons
   792 | D:2      | Noticed Robin
   793 | D:2      | Reached XP level 3. HP: 31/31 MP: 2/2
   807 | D:2      | Killed Robin
  1199 | D:2      | Found a runed translucent door.
  1200 | D:2      | Noticed Crazy Yiuf
  1654 | D:3      | Reached XP level 4. HP: 38/38 MP: 3/3
  2017 | D:3      | Identified the +4 ring mail of Grace {rC+ Str+5}
  2372 | D:4      | Reached skill level 6 in Ranged Weapons
  2372 | D:4      | Reached XP level 5. HP: 6/46 MP: 4/4
  2375 | D:4      | HP: 2/46 [something (3)]
  2377 | D:4      | Slain by an orc wizard

Illustrated notes

Levels and vault maps discovered:
D:1:      onia_arrival_pyramid, layout_basic
D:2:      layout_loops_ring, uniq_robin, uniq_crazy_yiuf_cottage
D:3:      layout_loops_corners
D:4:      layout_gridville, minmay_temple_entry_arrows, uniq_grinder

Skill      XL: |  1  2  3  4 |
---------------+-------------+-----
Ranged Weapons | 5 6 |  6.0
Fighting       | 3 |  3.8
Dodging        | 3 |  3.4
Stealth        | |  0.7

Action                     |  1- 3 |  4- 6 || total
---------------------------+-------+-------++-------
  Melee: Shortbow          |       |     7 ||     7
   Fire: Shortbow          |   118 |    45 ||   163
    Use: Potion            |       |     2 ||     2
 Armour: Leather armour    |    12 |    18 ||    30
  Dodge: Dodged            |    34 |    14 ||    48

Table legend: (Time is in decaauts)
 A = Elapsed time spent in this place.
 B = Non-inter-level travel time spent in this place.
 C = Inter-level travel time spent in this place.
 D = Time resting spent in this place.
 E = Time spent auto-exploring this place.
 F = Levels seen in this place.
 G = Mean time per level.
                   A        B        C        D        E       F      G
               +--------+--------+--------+--------+--------+-----+--------+
         Total |   2420 |   2281 |    139 |      0 |   1904 |   4 |  605.0 |
       Dungeon |   2420 |   2281 |    139 |      0 |   1904 |   4 |  605.0 |
               +--------+--------+--------+--------+--------+-----+--------+

Top non-repeatable levels by time:
     D:1: 785 daAuts
     D:3: 730 daAuts
     D:2: 675 daAuts
     D:4: 229 daAuts
